 Dungeon Crawl Stone Soup version 0.20.1-1-g8b1a95d (webtiles) character file.

62 slep the Poker (level 3, -1/26 HPs)
             Began as a Demonspawn Wanderer on Oct 22, 2017.
             Slain by a centaur (2 damage)
             ... on level 2 of the Dungeon.
             The game lasted 00:13:05 (1916 turns).

slep the Poker (Demonspawn Wanderer)                Turns: 1916, Time: 00:13:05

Health: -1/26      AC: 14    Str: 10    XL:     3   Next: 85%
Magic:  0/3        EV:  8    Int: 11    God:
Gold:   168        SH:  0    Dex: 14    Spells: 2/2 levels left

rFire    . . .     SeeInvis .   b - +0 spear
rCold    . . .     Gourm    .   (no shield)
rNeg     . . .     Faith    .   a - +2 scale mail
rPois    .         Spirit   +   (no helmet)
rElec    .         Reflect  .   s - +0 cloak
rCorr    .         Harm     .   (no gloves)
MR       .....                  (no boots)
Stlth    ..........             u - amulet of guardian spirit
Regen    0.1/turn               g - +4 ring of protection
MPRegen  0.1/turn               r - -3 ring of intelligence (curse)

@: no status effects
A: claws 1
a: no special abilities


You were on level 2 of the Dungeon.
You were near starving.

You visited 1 branch of the dungeon, and saw 3 of its levels.

You collected 168 gold pieces.

Inventory:

Hand Weapons
 b - a +0 spear (weapon)
 d - a +0 blowgun
Missiles
 c - 9 poisoned needles
Armour
 a - a +2 scale mail (worn)
 s - a +0 cloak (worn)
Jewellery
 g - a +4 ring of protection (left claw)
 i - an uncursed ring of positive energy
 p - an uncursed ring of wizardry
 r - a cursed -3 ring of intelligence (right claw)
 u - an amulet of guardian spirit (around neck)
Scrolls
 h - a scroll of remove curse {unknown}
 j - a scroll of enchant armour {unknown}
 m - a scroll of identify {unknown}
 n - a scroll of blinking {unknown}
Potions
 o - a potion of agility
 t - a potion of curing
Comestibles
 f - 3 bread rations
 l - a meat ration
 q - a fruit


   Skills:
 + Level 1.5 Fighting
   Level 1.0 Maces & Flails
 + Level 3.7 Polearms
 + Level 1.0 Throwing
 + Level 3.2 Armour
 + Level 0.1 Dodging
   Level 1.0 Shields


You had 2 spell levels left.
You didn't know any spells.

Dungeon Overview and Level Annotations

Branches:
Dungeon (3/15)

Altars:


Innate Abilities, Weirdness & Mutations

You have sharp fingernails.


Message History

The adder bites you but does no damage. The kobold barely misses you.
The adder misses you.
You hit the adder but do no damage.
The adder is almost dead.
The kobold closely misses you. The adder barely misses you.
You hit the adder.
You kill the adder!
The kobold hits you with a whip.
You closely miss the centaur. The centaur hits you.
The kobold barely misses you. The centaur hits you!
* * * LOW HITPOINT WARNING * * *
You barely miss the kobold. The kobold hits you but does no damage.
The centaur hits you but does no damage.
You hit the kobold.
You kill the kobold!
The centaur hits you.
* * * LOW HITPOINT WARNING * * *
The centaur hits you but does no damage.
The centaur hits you.
You die...

#...########.#..# #.#
#######......#..# #.#
.....##.#######.## #.#
####.##.#######..# #.#
#.##.#.....#..# #.#
####.##.#.....##)# #.#
#....##.#.....##.# #.#
......#.#.....##.# #(#
......#.#.......@## #.#
#...#.#.).......c># #.#
...##.####......### #(#
##.##.# #......# #.#
##.##.########### #.#
##.##.#........########†#
#.##.#.................#
##.##.#.#.####.########.#
....#.#.#.# #.# ###


You could see a centaur.

Vanquished Creatures
  An adder (D:2)
  2 worms (D:2)
  2 dart slugs (D:1)
  2 leopard geckos (D:1)
  2 ball pythons
  2 giant cockroaches (D:1)
  5 hobgoblins
  8 kobolds
  4 bats
  4 frilled lizards (D:1)
  5 goblins
  4 rats
41 creatures vanquished.

Vanquished Creatures (others)
  A kobold (D:3)
1 creature vanquished.

Grand Total: 42 creatures vanquished

Notes
Turn   | Place    | Note
-------+----------+-------------------------------------------
     0 | D:1      | slep the Demonspawn Wanderer began the quest for the Orb.
     0 | D:1      | slep set off with: a +2 scale mail, a +0 spear, 9 poisoned needles, a +0 blowgun, a bread ration
     0 | D:1      | Reached XP level 1. HP: 15/15 MP: 1/1
   295 | D:1      | Gained mutation: You have sharp fingernails. [demonic ancestry]
   295 | D:1      | Reached XP level 2. HP: 20/21 MP: 2/2
   842 | D:2      | Reached XP level 3. HP: 25/26 MP: 3/3
  1614 | D:3      | Noticed a centaur
  1648 | D:3      | HP: 1/26 [centaur/arrow (3)]
  1915 | D:2      | HP: 1/26 [centaur (2)]
  1916 | D:2      | Slain by a centaur

Skill      XL: |  1  2 |
---------------+-------+-----
Armour         | 3 |  3.2
Polearms       | 3 |  3.7
Fighting       | |  1.5
Maces & Flails | |  1.0
Throwing       | |  1.0
Dodging        | |  0.1
Shields        | |  1.0

Action                   || total
-------------------------++-------
Melee: Spear             ||   196
  Use: Potion            ||     4
  Eat: Fruit             ||     2
Armor: Scale mail        ||   121
Dodge: Dodged            ||    92
